 Dungeon Crawl Stone Soup version 0.30-a0-457-g4b7bca3bfa (webtiles) character file.

Game seed: 4127731910624886217

2 kurumiz the Slasher (level 1, 10/14 HPs)
             Began as a Tengu Berserker on Dec 12, 2022.
             Was a Follower of Trog.
             Quit the game on level 1 of the Dungeon on Dec 14, 2022.
             The game lasted 00:01:02 (25 turns).

kurumiz the Slasher (Tengu Berserker)                 Turns: 25, Time: 00:01:03

Health: 10/14      AC:  2    Str: 17    XL:     1   Next: 40%
Magic:  2/2        EV: 12    Int:  7    God:    Trog [*.....]
Gold:   0          SH:  0    Dex: 13    Spells: 0/0 levels left

rFire   . . .      SeeInvis .    a - +0 falchion
rCold   . . .      Faith    .    (no shield)
rNeg    . . .      Spirit   .    b - +0 animal skin
rPois   .          Reflect  .    (helmet restricted)
rElec   .          Harm     .    (no cloak)
rCorr   .          Rampage  .    (no gloves)
Will    .....                    (boots unavailable)
Stlth   +.........               (no amulet)
HPRegen 0.22/turn                (no ring)
MPRegen 0.08/turn                (no ring)

@: no status effects
A: beak, talons 3
a: Renounce Religion, Berserk


You were on level 1 of the Dungeon.
You worshipped Trog.
Trog was aware of your devotion.
You visited 1 branch of the dungeon, and saw 1 of its levels.

Inventory:

Hand Weapons
 a - a +0 falchion (weapon)
Armour
 b - a +0 animal skin (worn)


   Skills:
 + Level 3.0 Fighting
 + Level 3.3 Long Blades
 + Level 2.2 Armour
 + Level 2.2 Dodging


You couldn't memorise any spells.
You didn't know any spells.
Your spell library was empty.

Dungeon Overview and Level Annotations

Branches:
Dungeon (1/15)

Altars:


Innate Abilities, Weirdness & Mutations

You have a beak for a mouth.
You have claws for feet.


Message History

Welcome, kurumiz the Tengu Berserker.
Everyone else who sought the Orb of Zot has failed.
Will you be different?
Trog says: Kill them all!
Press ? for a list of commands and other information.
Found a staircase leading out of the dungeon.
Welcome back, kurumiz the Tengu Berserker.
Trog says: Kill them all!
Press ? for a list of commands and other information. 2 frilled lizards come into view.
Found an escape hatch in the floor.
The frilled lizard hisses angrily. x2
The frilled lizard moves out of view.
An endoplasm comes into view.
The endoplasm quivers.
You slash the frilled lizard!
You kill the frilled lizard!
Trog accepts your kill. The frilled lizard misses you.
You closely miss the frilled lizard.
You peck the frilled lizard, but do no damage.
The frilled lizard barely misses you.
You hit the frilled lizard.
You kill the frilled lizard!
Trog accepts your kill.
You hit the endoplasm but do no damage. You claw the endoplasm.
The endoplasm is almost dead.
The endoplasm freezes you.
You are frozen.
You hit the endoplasm.
You kill the endoplasm!
Trog accepts your kill.
Unknown command.
Unknown command.
Are you sure you want to abandon this character and quit the game? (Confirm with "yes".)

#.. #... ... #>.
#..## ...
######.##########
......†@.....#..#
..............#.#
.....#.#.......##
...# #.#.#......# ..
#.#.##.....# .
#.#⌠.......#
#######.#######..####
.......<............#
#######.#######..##.#


There were no monsters in sight!

Vanquished Creatures
  An endoplasm (D:1)
  2 frilled lizards (D:1)
3 creatures vanquished.

Notes
Turn   | Place    | Note
-------+----------+-------------------------------------------
     0 | D:1      | kurumiz the Tengu Berserker began the quest for the Orb.
     0 | D:1      | Reached XP level 1. HP: 14/14 MP: 2/2
    25 | D:1      | Quit the game

Illustrated notes

Levels and vault maps discovered:
D:1:      matt_arrival_grand_opening, layout_loops_cross

Action                   || total
-------------------------++-------
Melee: Falchion          ||     5
       Kick              ||     1
       Peck              ||     1
Dodge: Dodged            ||     2

Table legend: (Time is in decaauts)
 A = Elapsed time spent in this place.
 B = Non-inter-level travel time spent in this place.
 C = Inter-level travel time spent in this place.
 D = Time resting spent in this place.
 E = Time spent auto-exploring this place.
 F = Levels seen in this place.
 G = Mean time per level.
                   A        B        C        D        E       F      G
               +--------+--------+--------+--------+--------+-----+--------+
         Total |     25 |     12 |     13 |      0 |      2 |   1 |   25.0 |
       Dungeon |     25 |     12 |     13 |      0 |      2 |   1 |   25.0 |
               +--------+--------+--------+--------+--------+-----+--------+

Top non-repeatable levels by time:
     D:1: 25 daAuts
